 Dungeon Crawl Stone Soup version 0.29-a0-791-ga0f254aafb (webtiles) character file.

Game seed: 13397947687408751440

40 Malachi the Sneak (level 3, 27/27 HPs)
             Began as a Demonspawn Brigand on July 3, 2022.
             Got out of the dungeon alive.
             The game lasted 00:01:43 (2061 turns).

Malachi the Sneak (Demonspawn Brigand)              Turns: 2061, Time: 00:01:44

Health: 27/27      AC:  3    Str: 11    XL:     3   Next: 30%
Magic:  3/3        EV: 11    Int: 12    God:
Gold:   79         SH:  0    Dex: 16    Spells: 2/2 levels left

rFire   . . .      SeeInvis .     - Unarmed
rCold   . . .      Faith    .   (no shield)
rNeg    . . .      Spirit   .   b - +0 robe
rPois   .          Reflect  .   (no helmet)
rElec   .          Harm     .   c - +0 cloak
rCorr   .          Rampage  .   (no gloves)
Will    .....                   (no boots)
Stlth   +++.......              (no amulet)
HPRegen 0.09/turn               (no ring)
MPRegen 0.08/turn               (no ring)

@: no status effects
A: claws 1
a: no special abilities


You escaped.
You visited 1 branch of the dungeon, and saw 1 of its levels.

You collected 79 gold pieces.

Inventory:

Hand Weapons
 a - a +2 dagger
Missiles
 d - 9 poisoned darts (quivered)
 e - 3 curare-tipped darts
Armour
 b - a +0 robe (worn)
 c - a +0 cloak (worn)
Scrolls
 f - a scroll of enchant weapon {unknown}
 i - 2 scrolls of enchant armour {unknown}
 j - a scroll of poison {unknown}
 l - a scroll of vulnerability {unknown}
Potions
 g - 2 potions of mutation {unknown}
 h - a potion of heal wounds {unknown}
 k - 2 potions of curing {unknown}


   Skills:
 - Level 2.0 Fighting
 - Level 3.0 Short Blades
 - Level 1.7 Throwing
 - Level 0.8 Dodging
 - Level 3.6 Stealth
 * Level 1.2 Unarmed Combat


You had 2 spell levels left.
You didn't know any spells.
Your spell library was empty.

Dungeon Overview and Level Annotations

Branches:
Dungeon (1/15)

Altars:


Innate Abilities, Weirdness & Mutations

You have sharp fingernails.


Message History

You closely miss the gnoll.
The gnoll is heavily wounded.
The gnoll barely misses you.
You scratch the gnoll. You claw the gnoll.
The gnoll is almost dead.
The gnoll hits you with a +0 flail.
You scratch the gnoll.
You kill the gnoll!
Your Unarmed Combat skill increases to level 1!
No target in view!
No target in view!
No target in view!
No target in view!
No target in view!
No target in view!
No target in view!
No target in view!
No target in view!
No target in view!
No target in view!
Things that are here:
a +0 flail; a gnoll corpse Key pressed, stopping explore.
You see here a staff of fire.
You see here a +0 whip.
You see here a +0 leather armour.
Key pressed, stopping explore.
Key pressed, stopping explore.
Done exploring.
Done exploring.
You see here a +0 leather armour.
There is a stone staircase leading down here.
You see here a +0 leather armour.
There is a staircase leading out of the dungeon here.
Are you sure you want to leave the Dungeon?
This will make you lose the game!
Uppercase [Y]es or [N]o only, please.
Are you sure you want to leave the Dungeon?
This will make you lose the game!
Alright, then stay!
Are you sure you want to leave the Dungeon?
This will make you lose the game!
You have escaped! #.# #..##...PPPPPPPPPPPPPPP.##

#.###..#####PPPPPPPPPPPPPPP.##
#......# #PPPPP..)..P.PPP.##
#####.## #PPP...P..P).PPP.#
#.# #PP.PPP....PP.PP.# #.#


#PP.PP.PPP.PP.PP.# #.# #P.PP.PP.PP.PP.P.# #.# #P.P.PP.P.PP...P.# ##.#
#P@P.P.PPP.P.P...# #..# #P.P.PP.P.PP...P.# #.## #P.PP.PP.PP.PP.P.# #.#
#PP.PP.PPP.PP.PP.# #.# #PP.PPP...PPP.PP.# #.# #PPP..PPPPP..PPP## #.#
#PPPPP....[PPPPP# # #.# #PPPPPPPPPPPPPPP### #.# #PPPPPPPPPPPPPPP... There were
no monsters in sight!

Vanquished Creatures
  A gnoll (D:1)
  A dart slug (D:1)
  4 endoplasms (D:1)
  2 giant cockroaches (D:1)
  A goblin (D:1)
  3 hobgoblins (D:1)
  2 jackals (D:1)
  4 kobolds (D:1)
  A quokka (D:1)
  3 ball pythons (D:1)
  A bat (D:1)
  2 frilled lizards (D:1)
  A rat (D:1)
26 creatures vanquished.

Vanquished Creatures (others)
  7 plants (D:1)
7 creatures vanquished.

Grand Total: 33 creatures vanquished

Notes
Turn   | Place    | Note
-------+----------+-------------------------------------------
     0 | D:1      | Malachi the Demonspawn Brigand began the quest for the Orb.
     0 | D:1      | Reached XP level 1. HP: 16/16 MP: 1/1
   223 | D:1      | Discovered your monstrous ancestry.
   223 | D:1      | Gained mutation: You have sharp fingernails. [demonic
                  | ancestry]
   223 | D:1      | Reached XP level 2. HP: 22/22 MP: 2/2
  1508 | D:1      | Reached XP level 3. HP: 22/27 MP: 3/3
  1665 | D:1      | Reached skill level 1 in Unarmed Combat
  2061 | D:$      | Got out of the dungeon alive.

Illustrated notes

Levels and vault maps discovered:
D:1:      roderic_crop_circles_arrival_small, layout_loops_ring

Skill      XL: |  1  2  3 |
---------------+----------+-----
Short Blades   | 2 3 |  3.0
Unarmed Combat | 1 |  1.2
Fighting       | |  2.0
Throwing       | |  1.7
Dodging        | |  0.8
Stealth        | |  3.6

Action                   || total
-------------------------++-------
Melee: Dagger            ||    49
       Unarmed           ||    37
       Punch             ||     1
 Stab: Sleeping          ||     5
Armor: Robe              ||    30
Dodge: Dodged            ||    52

Table legend: (Time is in decaauts)
 A = Elapsed time spent in this place.
 B = Non-inter-level travel time spent in this place.
 C = Inter-level travel time spent in this place.
 D = Time resting spent in this place.
 E = Time spent auto-exploring this place.
 F = Levels seen in this place.
 G = Mean time per level.
                   A        B        C        D        E       F      G
               +--------+--------+--------+--------+--------+-----+--------+
         Total |   2053 |   1905 |    148 |    582 |   1135 |   1 | 2053.0 |
       Dungeon |   2053 |   1905 |    148 |    582 |   1135 |   1 | 2053.0 |
               +--------+--------+--------+--------+--------+-----+--------+

Top non-repeatable levels by time:
     D:1: 2053 daAuts
